 Dungeon Crawl Stone Soup version 0.26-a0-438-g4b1dca4f87 (webtiles) character file.

Game seed: 10393158043201960481

73026 Laiska the Thaumaturge (level 15, -12/93 HPs)
             Began as a Gargoyle Earth Elementalist on July 26, 2020.
             Was the Champion of Vehumet.
             Mangled by Donald
             ... wielding a +3 scimitar
              (27 damage)
             ... on level 1 of the Shoals.
             The game lasted 04:07:51 (30534 turns).

Laiska the Thaumaturge (GrEE)                      Turns: 30534, Time: 04:07:52

Health: -12/93     AC: 31    Str: 14    XL:     15   Next: 42%
Magic:  29/40      EV: 14    Int: 32    God:    Vehumet [******]
Gold:   416        SH: 12    Dex: 10    Spells: 13/36 levels left

rFire    . . .     SeeInvis +   O - +11 lance "Wyrmbane" {slay drac, rPois rF+ rC+ AC+3}
rCold    + + +     Faith    .   Y - +2 buckler
rNeg     + . .     Spirit   .   y - +0 acid dragon scales
rPois    ∞         Reflect  +   l - +3 hat of Pondering {ponderous, MR+ MP+10 Int+5}
rElec    +         Harm     .   o - +1 cloak {Stlth+}
rCorr    +                      I - +2 pair of gloves of Mental Paralysis {Str+2 Int+5 Slay-4}
MR       +++..                  n - +0 pair of boots
Stlth    +.........             T - amulet of reflection
HPRegen  0.25/turn              g - ring "Ejiof" {MR+ SInv}
MPRegen  0.27/turn              w - ring "Raamor" {+Fly rElec rF- rC++ SInv}

@: flying, slow
A: big wings, iridescent scales 1, deformed body, negative energy resistance 1,
electricity resistance, unbreathing, petrification resistance, rot immunity, AC
+11
a: Stop Flying, Renounce Religion


You were on level 1 of the Shoals.
You worshipped Vehumet.
Vehumet was exalted by your worship.
You visited 6 branches of the dungeon, and saw 22 of its levels.

You collected 2492 gold pieces.
You spent 2076 gold pieces at shops.

Inventory:

Hand Weapons
 f - a cursed +0 arbalest
 m - a +0 dire flail
 s - a +1 trident of freezing
 B - a +2 flail of holy wrath
 O - the +11 lance "Wyrmbane" (weapon) {slay drac, rPois rF+ rC+ AC+3}
   (You took it off Maggie on level 6 of the Dungeon)

   It affects your AC (+3).
   It protects you from fire.
   It protects you from cold.
   It protects you from poison.
Missiles
 b - 30 stones (quivered)
Armour
 l - the +3 hat of Pondering (worn) {ponderous, MR+ MP+10 Int+5}
   (You took it off Gastronok on level 3 of the Lair of Beasts)

   It affects your intelligence (+5).
   It affects your resistance to hostile enchantments.
   It affects your magic capacity (+10).
 n - a +0 pair of boots (worn)
 o - a +1 cloak of stealth (worn)
 y - +0 acid dragon scales (worn)
 I - the +2 pair of gloves of Mental Paralysis (worn) {Str+2 Int+5 Slay-4}
   (You found it on level 4 of the Dungeon)

   It affects your strength (+2).
   It affects your intelligence (+5).
   It affects your accuracy and damage with ranged weapons and melee attacks
   (-4).
 Y - a +2 buckler (worn)
Jewellery
 d - an uncursed ring of resist corrosion
 g - the ring "Ejiof" (left hand) {MR+ SInv}
   (You bought it in a shop on level 2 of the Orcish Mines)

   [ring of protection from magic]

   It affects your resistance to hostile enchantments.
   It lets you see invisible.
 t - an uncursed ring of magical power
 w - the ring "Raamor" (right hand) {+Fly rElec rF- rC++ SInv}
   (You bought it in a shop on level 2 of the Orcish Mines)

   [ring of see invisible]

   It makes you vulnerable to fire.
   It greatly protects you from cold.
   It insulates you from electricity.
   It lets you see invisible.
   It lets you fly.
 z - the ring of Unal {MR++ Stlth-}
   (You bought it in a shop on level 2 of the Orcish Mines)

   [ring of attention]

   It affects your resistance to hostile enchantments.
   It makes you less stealthy.
 T - an amulet of reflection (around neck)
Wands
 i - a wand of flame (51)
 p - a wand of paralysis (8)
 C - a wand of iceblast (35)
 F - a wand of clouds (8)
 X - a wand of acid (11)
Scrolls
 c - 2 scrolls of remove curse
 e - 12 scrolls of teleportation
 q - a scroll of amnesia
 r - 2 scrolls of fear
 u - 5 scrolls of identify
 D - 5 scrolls of magic mapping
 R - 4 scrolls of blinking
Potions
 a - a potion of curing
 h - a potion of haste
 k - 3 potions of might
Miscellaneous
 j - a lightning rod (4/4)


   Skills:
 - Level 10.6 Fighting
 - Level 7.1 Maces & Flails
 + Level 5.6 Polearms
 - Level 7.7 Armour
 - Level 6.3 Dodging
 - Level 2.1 Stealth
 - Level 6.4 Shields
 + Level 11.1 Spellcasting
 - Level 8.7 Conjurations
   Level 0.7 Transmutations
 + Level 7.3 Fire Magic
 - Level 11.0 Earth Magic
 - Level 6.0 Poison Magic
 - Level 6.5 Evocations


You had 13 spell levels left.
You knew the following spells:

 Your Spells              Type           Power        Failure   Level
a - Sandblast             Erth           ######       1%          1
b - Stone Arrow           Conj/Erth      ######       1%          3
c - Lee's Rapid Deconstr  Erth           ######....   1%          5
d - Magic Dart            Conj           ####         1%          1
e - Mephitic Cloud        Conj/Pois/Air  #####...     1%          3
f - Iskenderun's Mystic   Conj/Tloc      #####...     1%          4
g - Vampiric Draining     Necr           ###.......   11%         3
h - Conjure Flame         Conj/Fire      ######..     1%          3

Your spell library contained the following spells:

 Spells                   Type           Power        Failure   Level
 Olgreb's Toxic Radiance  Pois           ######..     1%          4
 Passwall                 Tmut/Erth      ######..     1%          2
 Dazzling Flash           Conj/Hex       #####.       1%          3
 Ignite Poison            Fire/Tmut/Pois #####...     1%          3
 Fireball                 Conj/Fire      ######....   1%          5
 Animate Skeleton         Necr           ###...       3%          1
 Apportation              Tloc           ###...       3%          1
 Corona                   Hex            ###....      3%          1
 Pain                     Necr           ###.         3%          1
 Summon Small Mammal      Summ           ###.         3%          1
 Petrify                  Tmut/Erth      ######..     3%          4
 Blink                    Tloc           N/A          5%          2
 Call Imp                 Summ           ###.....     5%          2
 Ensorcelled Hibernation  Hex/Ice        ###...       5%          2
 Slow                     Hex            ###.....     5%          2
 Starburst                Conj/Fire      ######....   5%          6
 Confusing Touch          Hex            ###.....     11%         3
 Lesser Beckoning         Tloc           ###.......   11%         3
 Tukima's Dance           Hex            ###.....     11%         3
 Alistair's Intoxication  Tmut/Pois      #####....    26%         5
 Animate Dead             Necr           ###.......   36%         4
 Agony                    Necr           ###.....     71%         5
 Ignition                 Fire           ######....   94%         8
 Invisibility             Hex            ###.....     99%         6


Dungeon Overview and Level Annotations

Branches:
Dungeon (11/15)            Temple (1/1) D:5            Lair (6/6) D:11
 Shoals (1/4) Lair:3        Snake (0/4) Lair:3        Slime (0/5) Lair:5
    Orc (2/2) D:9             Elf (1/3) Orc:2

Altars:
Ashenzari
Cheibriados
Dithmenos
Elyvilon
Fedhas
Gozag
Hepliaklqana
Kikubaaqudgha
Makhleb
Nemelex Xobeh
Okawaru
Qazlal
Ru
Sif Muna
Trog
Uskayaw
Vehumet
Wu Jian
Xom
Yredelemnul
Zin
The Shining One
Beogh
Jiyva

Shops:
D:7 ?=   Orc:2 [*=([=?*

Portals:
Trove: D:11 (give 17 scrolls of teleportation)

Annotations:
Lair:5 3 runed translucent doors, pentaxis93's ghost, journeyman OpCj
Shoals:1 Donald
Orc:2 3 runed translucent doors, exclusion: obsidian statue, dricus's ghost, journeyman KoBe


Innate Abilities, Weirdness & Mutations

You are resistant to torment.
Your stone body is resilient. (AC +11)
You are immune to poison.
Your large and strong wings let you fly indefinitely.
You resist negative energy. (rN+)
You are resistant to electric shocks. (rElec)
You can survive without breathing.
You are immune to petrification.
You are immune to rotting.
You are partially covered in iridescent scales. (AC +2)
Armour fits poorly on your strangely shaped body.


Message History

Press: ? - help, Shift-Dir - straight line, f/p - Donald
Aim: Donald, wielding a +3 scimitar, wearing a +1 plate armour of magic resistance and wearing a +0 kite shield (noxious fumes, water, lightly wounded, fast, strong)
The ball explodes into a vile cloud!
The stinking cloud engulfs Donald but does no damage.
Donald is lightly wounded.
Donald is engulfed in noxious fumes. x2; You block Donald's attack.
Casting: Mephitic Cloud (safe; 1% risk of failure)
Confirm with . or Enter, or press ? or * to list all spells.
Aiming: Stone Arrow (safe; 1% risk of failure)
Press: ? - help, Shift-Dir - straight line, f/p - Donald
Aim: Donald, wielding a +3 scimitar, wearing a +1 plate armour of magic resistance and wearing a +0 kite shield (noxious fumes, lightly wounded, fast, strong) Donald blocks the stone arrow.
Donald is engulfed in noxious fumes.
Donald hits you with a +3 scimitar!!
* * * LOW HITPOINT WARNING * * *
You feel better.
Donald is engulfed in noxious fumes.
Donald says, "So, what is this Orb thing, anyway?"
Donald hits you with a +3 scimitar!!
* * * LOW HITPOINT WARNING * * *
You feel better. Donald hits you with a +3 scimitar!!
You die...

≈≈....# #......≈≈≈≈≈≈≈≈≈≈≈≈≈≈≈#
...≈..###...≈..≈≈≈≈≈≈≈≈≈≈≈≈≈≈≈#
..≈...##.......≈≈≈≈≈≈≈≈≈≈≈≈≈≈≈#
...##.....)[≈≈≈≈≈≈≈≈≈≈≈≈≈≈≈≈≈≈#
..##......##.≈≈≈≈≈≈≈≈≈≈≈≈≈≈≈≈≈#
......≈...##..≈≈≈≈≈≈≈≈≈≈≈≈≈≈≈≈#
.......≈.....≈≈≈≈≈≈≈≈≈≈≈≈≈≈≈≈≈#
(.....≈≈≈.≈≈≈≈≈≈≈≈≈≈≈≈≈≈≈≈≈≈≈≈#
.....≈≈≈≈≈≈≈≈≈≈≈@≈≈≈≈≈≈≈≈≈≈≈≈≈#
##...≈≈≈≈≈≈≈≈≈○☼@≈≈≈≈≈≈≈≈≈≈≈≈≈#
##.†≈≈≈≈≈≈≈≈≈☼○○≈≈≈≈≈≈≈≈≈≈≈≈≈#
##....≈≈≈≈≈≈≈≈☼○○≈≈≈≈≈≈≈≈≈≈≈≈≈#
.....≈≈≈≈≈≈≈≈≈≈≈≈≈≈≈≈≈≈≈≈≈≈≈≈≈#
.≈≈≈≈≈≈≈≈≈≈≈≈≈≈≈≈≈≈≈≈≈≈≈≈≈≈≈≈≈#
≈≈≈≈≈≈≈≈≈≈≈≈≈≈≈≈≈≈≈≈≈≈≈≈≈≈≈≈≈≈#
≈≈)P≈≈≈≈≈≈≈≈≈≈≈≈≈≈≈≈≈≈≈≈≈≈≈≈≈≈#
...≈≈≈≈≈≈≈≈≈≈≈≈≈≈≈≈≈≈≈≈≈≈≈≈≈≈≈#


You could see Donald (fast, strong).

Vanquished Creatures
  Gastronok (Lair:3)
  Kirke (Shoals:1)
  An orc warlord (Orc:2)
  A merfolk javelineer (Shoals:1)
  Snorg (Orc:1)
  Josephine (Orc:1)
  The ghost of Zeamae the Destroyer, a journeyman OpCj of Cheibriados (Lair:2)
  A merfolk impaler (Shoals:1)
  2 fire dragons (Lair:6)
  Harold (Orc:1)
  3 hydras
  3 two-headed ogres
  The ghost of KristoblXynda the Cleaver, a journeyman FoFi of Cheibriados (D:11)
  5 death yaks (Lair:6)
  A catoblepas (Lair:6)
  2 satyrs (Shoals:1)
  An orc high priest (Orc:2)
  Nergalle (D:11)
  A sea snake (Shoals:1)
  A swamp dragon (Lair:6)
  2 lindwurms (Lair:6)
  3 deep elf archers (Orc:2)
  3 orc knights (Orc:2)
  3 fauns (Shoals:1)
  A cyclops (D:11)
  3 orc sorcerers (Orc:2)
  3 merfolk sirens (Shoals:1)
  2 black mambas
  6 torpor snails
  4 water nymphs (Shoals:1)
  11 elephants
  7 cane toads
  A centaur zombie (D:9)
  4 rime drakes
  Maggie (D:6)
  11 komodo dragons
  A wind drake (Shoals:1)
  3 tyrant leeches (Lair:6)
  13 merfolk
  3 trolls
  18 blink frogs
  6 hornets (Lair:6)
  11 hippogriffs
  A shadow (D:9)
  Sigmund (D:6)
  3 wyverns (Lair:5)
  17 yaks
  A water elemental (Shoals:1)
  6 wraiths
  3 basilisks
  2 steam dragons (Lair:6)
  A neqoxec (D:11)
  2 wargs (Orc:2)
  Menkaure (D:6)
  An acid dragon (D:11)
  4 nagas (Lair:3)
  Edmund (D:6)
  4 water moccasins
  18 porcupines
  3 swamp drakes (Lair:6)
  2 ice beasts (D:8)
  A sky beast (D:7)
  A hornet zombie (D:9)
  4 black bears
  24 orc warriors
  18 centaurs
  7 ogres
  12 wolves
  2 eyes of draining
  11 crocodiles
  15 bullfrogs
  Blork the orc (Orc:2)
  A gnoll sergeant (D:9)
  3 scorpions
  8 wights
  3 howler monkeys
  An electric eel (Lair:2)
  A bullfrog zombie (D:5)
  4 quasits (D:11)
  2 centaur skeletons (D:10)
  3 jellies
  4 hounds
  14 orc priests
  24 orc wizards
  A bullfrog skeleton (D:4)
  10 iguanas
  7 worker ants
  A killer bee zombie (D:9)
  8 ogre zombies (D:9)
  2 worker ant zombies
  9 gnolls
  2 howler monkey skeletons
  14 adders
  4 shadow imps
  2 white imps
  An ufetubus (D:5)
  An ooze (D:3)
  3 adder skeletons
  2 worms (D:2)
  8 leopard geckos
  57 orcs
  5 giant cockroaches
  8 goblins
  10 hobgoblins
  9 jackals
  11 quokkas
  A ball python (D:1)
  4 bats
  3 frilled lizards
  A goblin skeleton (D:9)
  3 hobgoblin zombies (D:9)
  A jackal skeleton (D:9)
  10 kobolds
  A leopard gecko skeleton (D:4)
  4 orc skeletons (D:9)
  16 orc zombies (D:9)
  7 rats
  2 plants
613 creatures vanquished.

Vanquished Creatures (others)
  4 humans (Shoals:1)
  An orc (D:6)
  7 fungi
  19 plants
31 creatures vanquished.

Grand Total: 644 creatures vanquished

Notes
Turn   | Place    | Note
-------+----------+-------------------------------------------
     0 | D:1      | Laiska the Gargoyle Earth Elementalist began the quest for
                  | the Orb.
     0 | D:1      | Reached XP level 1. HP: 10/10 MP: 3/3
   127 | D:1      | Reached XP level 2. HP: 11/16 MP: 0/5
   145 | D:1      | Reached skill level 1 in Fighting
   704 | D:1      | Reached XP level 3. HP: 19/20 MP: 4/6
   846 | D:1      | Learned a level 3 spell: Stone Arrow
  1540 | D:2      | Found an iron altar of Okawaru.
  2040 | D:2      | Reached XP level 4. HP: 21/26 MP: 6/8
  2506 | D:2      | Found a white marble altar of Elyvilon.
  3555 | D:3      | Found a shadowy altar of Dithmenos.
  3864 | D:4      | Found a bloodstained altar of Trog.
  3876 | D:4      | Reached XP level 5. HP: 22/30 MP: 9/9
  4028 | D:4      | Reached skill level 5 in Earth Magic
  4301 | D:4      | Reached XP level 6. HP: 35/35 MP: 11/11
  4508 | D:4      | Got a pair of spiked gloves
  4514 | D:4      | Identified the +2 pair of gloves of Mental Paralysis {Str+2
                  | Int+5 Slay-4} (You found it on level 4 of the Dungeon)
  5039 | D:4      | You fall into a shaft and drop 1 floor!
  5039 | D:5      | Entered Level 5 of the Dungeon
  5586 | D:5      | Found a staircase to the Ecumenical Temple.
  5598 | Temple   | Entered the Ecumenical Temple
  5715 | D:5      | Found a sacrificial altar of Ru.
  5717 | D:5      | Found a hide-covered altar of Uskayaw.
  5723 | D:5      | Found a burning altar of Makhleb.
  5723 | D:5      | Found a shimmering blue altar of Sif Muna.
  5724 | D:5      | Found a shadowy altar of Dithmenos.
  5725 | D:5      | Found a glowing golden altar of the Shining One.
  5726 | D:5      | Found a snail-covered altar of Cheibriados.
  5811 | D:5      | Reached XP level 7. HP: 40/40 MP: 13/13
  6322 | D:5      | Reached skill level 1 in Conjurations
  6811 | D:6      | Noticed Menkaure
  6960 | D:6      | Reached skill level 5 in Spellcasting
  7190 | D:6      | Noticed Maggie
  7506 | D:6      | Killed Maggie
  7506 | D:6      | Reached XP level 8. HP: 40/44 MP: 16/16
  7669 | D:6      | Killed Menkaure
  7988 | D:6      | Reached skill level 5 in Conjurations
  8134 | D:6      | Noticed Sigmund
  8135 | D:6      | Noticed Edmund
  8173 | D:6      | Killed Edmund
  8173 | D:6      | Reached XP level 9. HP: 41/48 MP: 18/18
  8175 | D:6      | Killed Sigmund
  8267 | D:6      | Found a glowing silver altar of Zin.
  9263 | D:7      | Found Dizuxexebb's Jewellery Shoppe.
  9273 | D:7      | Bought an uncursed amulet of reflection for 390 gold pieces
  9311 | D:7      | Found a radiant altar of Vehumet.
  9317 | D:7      | Became a worshipper of Vehumet
  9737 | D:7      | Found Wemiv's Magic Scroll Emporium.
  9746 | D:7      | Bought a scroll of blinking for 105 gold pieces
 10210 | D:8      | Reached skill level 10 in Earth Magic
 10332 | D:8      | Reached * piety under Vehumet
 10332 | D:8      | Offered knowledge of Foxfire by Vehumet.
 10440 | D:8      | Reached XP level 10. HP: 53/53 MP: 21/21
 10849 | D:8      | Found a blossoming altar of Fedhas.
 11019 | D:9      | Learned a level 5 spell: Lee's Rapid Deconstruction
 11254 | D:9      | Reached skill level 1 in Maces & Flails
 11254 | D:9      | Reached skill level 1 in Armour
 11254 | D:9      | Reached skill level 1 in Shields
 11381 | D:9      | Reached ** piety under Vehumet
 11381 | D:9      | Offered knowledge of Magic Dart by Vehumet.
 11384 | D:9      | Learned a level 1 spell: Magic Dart
 11578 | D:9      | Found a staircase to the Orcish Mines.
 11939 | D:9      | Offered knowledge of Mephitic Cloud by Vehumet.
 11945 | D:9      | Learned a level 3 spell: Mephitic Cloud
 12154 | D:9      | Reached *** piety under Vehumet
 12313 | D:10     | Entered Level 10 of the Dungeon
 12360 | D:10     | Found a glowing silver altar of Zin.
 12612 | D:10     | Noticed a two-headed ogre
 12622 | D:10     | Killed a two-headed ogre
 12622 | D:10     | Reached skill level 1 in Poison Magic
 12622 | D:10     | Reached XP level 11. HP: 35/62 MP: 23/23
 12874 | D:10     | Noticed a two-headed ogre
 12881 | D:10     | Killed a two-headed ogre
 12881 | D:10     | Offered knowledge of Iskenderun's Mystic Blast by Vehumet.
 12881 | D:10     | Reached skill level 5 in Fighting
 12887 | D:10     | Learned a level 4 spell: Iskenderun's Mystic Blast
 13410 | D:11     | Noticed Nergalle
 13444 | D:11     | Killed Nergalle
 13444 | D:11     | Reached skill level 5 in Shields
 13449 | D:11     | Reached skill level 5 in Armour
 13663 | D:11     | Noticed a seven-headed hydra
 13673 | D:11     | Killed a seven-headed hydra
 13794 | D:11     | Reached **** piety under Vehumet
 13849 | D:11     | Found a staircase to the Lair.
 13957 | D:11     | Found a transporter.
 14017 | D:11     | Noticed a cyclops
 14020 | D:11     | Killed a cyclops
 14082 | D:11     | Offered knowledge of Frozen Ramparts by Vehumet.
 14135 | D:11     | Found a transporter.
 14140 | D:11     | Noticed KristoblXynda's ghost (journeyman FoFi)
 14309 | D:11     | Found a portal to a secret trove of treasure.
 14440 | D:11     | Killed KristoblXynda's ghost
 14441 | D:11     | Gained mutation: You have large cloven feet. [a neqoxec]
 14442 | D:11     | Gained mutation: Your magical capacity is low. (-10% MP) [a
                  | neqoxec]
 14772 | Lair:1   | Entered Level 1 of the Lair of Beasts
 15311 | Lair:1   | Reached skill level 5 in Poison Magic
 15376 | Lair:1   | Reached XP level 12. HP: 48/72 MP: 21/21
 15663 | Lair:1   | Noticed a six-headed hydra
 15673 | Lair:1   | Killed a six-headed hydra
 16175 | Lair:1   | Lost mutation: Your magical capacity is low. (-10% MP)
                  | [potion of mutation]
 16175 | Lair:1   | Lost mutation: You have large cloven feet. [potion of
                  | mutation]
 16175 | Lair:1   | Gained mutation: Armour fits poorly on your strangely
                  | shaped body. [potion of mutation]
 16175 | Lair:1   | Gained mutation: You are agile. (Dex +2) [potion of
                  | mutation]
 16175 | Lair:1   | Lost mutation: You are agile. (Dex +2) [potion of mutation]
 16175 | Lair:1   | Gained mutation: You are partially covered in iridescent
                  | scales. (AC +2) [potion of mutation]
 16847 | Lair:2   | Found a runed translucent door.
 16883 | Lair:2   | Noticed Zeamae's ghost (journeyman OpCj)
 17551 | Lair:2   | Reached ***** piety under Vehumet
 17560 | Lair:2   | Reached skill level 1 in Evocations
 17569 | Lair:2   | Offered knowledge of Irradiate by Vehumet.
 18107 | Lair:2   | Learned a level 3 spell: Vampiric Draining
 18126 | Lair:2   | Killed Zeamae's ghost
 19088 | Lair:3   | Noticed a four-headed hydra
 19092 | Lair:3   | Killed a four-headed hydra
 19092 | Lair:3   | Reached skill level 5 in Maces & Flails
 19092 | Lair:3   | Reached XP level 13. HP: 80/80 MP: 25/25
 19225 | Lair:3   | Noticed Gastronok
 19246 | Lair:3   | Killed Gastronok
 19387 | Lair:3   | Found a staircase to the Shoals.
 19424 | Lair:3   | Found a staircase to the Snake Pit.
 20802 | Lair:4   | Learned a level 3 spell: Conjure Flame
 20817 | Lair:4   | Reached skill level 5 in Dodging
 20980 | Lair:4   | Reached skill level 1 in Fire Magic
 21282 | Lair:5   | Found a viscous altar of Jiyva.
 21282 | Lair:5   | Found a staircase to the Slime Pits.
 21541 | Lair:5   | Found a runed translucent gate.
 21541 | Lair:5   | Found a runed translucent gate.
 21541 | Lair:5   | Found a runed translucent gate.
 21542 | Lair:5   | Noticed a minotaur
 21543 | Lair:5   | Noticed pentaxis93's ghost (journeyman OpCj)
 22358 | Lair:6   | Entered Level 6 of the Lair of Beasts
 22820 | Lair:6   | Reached skill level 10 in Fighting
 22938 | Lair:6   | Reached skill level 5 in Evocations
 22945 | Lair:6   | Gained mutation: Your large and strong wings let you fly
                  | indefinitely. [Gargoyle growth]
 22945 | Lair:6   | Reached XP level 14. HP: 69/88 MP: 27/27
 23354 | Lair:6   | Found a runed translucent door.
 23987 | Lair:6   | Reached skill level 1 in Polearms
 25666 | Orc:1    | Entered Level 1 of the Orcish Mines
 25670 | Orc:1    | Offered knowledge of Olgreb's Toxic Radiance by Vehumet.
 25861 | Orc:2    | Entered Level 2 of the Orcish Mines
 25871 | Orc:1    | Noticed Harold
 25872 | Orc:1    | Noticed Josephine
 25892 | Orc:2    | Found a runed translucent gate.
 25892 | Orc:2    | Found an opulent altar of Gozag.
 25893 | Orc:2    | Found a runed translucent gate.
 25894 | Orc:2    | Found a runed translucent gate.
 25944 | Orc:2    | Noticed dricus's ghost (journeyman KoBe)
 25951 | Orc:2    | Found Foofoph's Magic Scroll Shoppe.
 25978 | Orc:2    | Found Metugimya's Jewellery Shop.
 25979 | Orc:2    | Found Nurph's Assorted Antiques.
 25985 | Orc:2    | Bought a scroll of teleportation for 78 gold pieces
 25985 | Orc:2    | Bought a sapphire potion for 23 gold pieces
 26029 | Orc:2    | Bought the ring "Ejiof" {MR+ SInv} for 506 gold pieces
 26060 | Orc:2    | Found a staircase to the Elven Halls.
 26087 | Orc:2    | Reached skill level 10 in Spellcasting
 26120 | Orc:2    | Noticed Blork the orc
 26125 | Orc:2    | Killed Blork the orc
 26166 | Orc:2    | Noticed an orc warlord
 26447 | Orc:2    | Killed an orc warlord
 26447 | Orc:2    | Reached skill level 5 in Fire Magic
 27063 | Orc:2    | Found a roughly hewn altar of Beogh.
 27204 | Orc:2    | Found Luzipn's Antique Armour Boutique.
 27228 | Orc:2    | Found Ytummut's Antique Weapon Boutique.
 27260 | Orc:2    | Found Cusot's General Store.
 27275 | Orc:2    | Bought 13 stones for 19 gold pieces
 27275 | Orc:2    | Bought 23 stones for 34 gold pieces
 27275 | Orc:2    | Bought 13 stones for 19 gold pieces
 27288 | Orc:2    | Found Mesabijeant's Jewellery Boutique.
 27375 | Orc:2    | Found Wenih's Armour Shop.
 28010 | Orc:1    | Killed Josephine
 28018 | Orc:1    | Noticed Snorg
 28032 | Orc:1    | Killed Snorg
 28077 | Orc:1    | Killed Harold
 28747 | Orc:2    | Bought the ring "Raamor" {+Fly rElec rF- rC++ SInv} for 582
                  | gold pieces
 28765 | Orc:2    | Bought the ring of Unal {MR++ Stlth-} for 320 gold pieces
 28775 | Elf:1    | Entered Level 1 of the Elven Halls
 28790 | Orc:2    | Reached XP level 15. HP: 49/93 MP: 13/29
 29322 | Shoals:1 | Entered Level 1 of the Shoals
 29839 | Shoals:1 | Noticed Kirke
 29877 | Shoals:1 | Killed Kirke
 29945 | Shoals:1 | Reached skill level 5 in Polearms
 30223 | Shoals:1 | Reached ****** piety under Vehumet
 30505 | Shoals:1 | Noticed Donald
 30534 | Shoals:1 | Mangled by Donald

Illustrated notes

Levels and vault maps discovered:
D:1:      tarquinn_simple_flora_water_a, layout_loops_ring
D:2:      layout_basic, lemuel_coloured_pillars_altar, okawaru_ov_weapons_minmay
D:3:      layout_basic, serial_glass, glass_columns_a, glass_columns_c,
          roderic_serpentine_path, nicolae_dithmenos_through_a_glass_darkly
D:4:      layout_basic, lemuel_crystal_altar
D:5:      layout_loops_ring, minitemple, minmay_temple_entry_large_hall,
          hangedman_minor_gate_pass
D:6:      layout_rooms, old_standard_altar, wad_floor_pattern_1, uniq_maggie,
          uniq_edmund, uniq_sigmund, uniq_menkaure
D:7:      layout_loops_corners, kennysheep_little_box, serial_shops, shop,
          minmay_shop_enchanted_jewellery, grunt_decor_cap
D:8:      layout_rooms, lemuel_doored_altar
D:9:      layout_small_grid, zombieorc2_lemuel, minmay_misc_feat_five
D:10:     layout_loops_ring, basic_altar
D:11:     layout_loops_ring, dpeg_oklobed_lair, gammafunk_ghost_stat_death,
          enter_trove_0, uniq_nergalle
Temple:   zaba_magenta_temple
Lair:1:   layout_long_grid, nicolae_quartered_pool_medium, beast_lair_carwin_8,
          grunt_megastairs_3
Lair:2:   layout_regular_city, ebering_ghost_reflecting_pool,
          gammafunk_lair_bear_cave
Lair:3:   layout_regular_city, minmay_shoals_entry_centaurs,
          minmay_snake_entry_guardpost_medium, uniq_gastronok
Lair:4:   layout_regular_city
Lair:5:   layout_loops_ring, dpeg_slime_entry_enclosed_altar,
          maelrawn_ghost_gauntlet_escape, chequers_serial_rivers_small_b,
          infiniplex_staircase_pool, serial_bayou_shore_a, lemuel_fruit_tree,
          serial_bayou_shore_b, grunt_megastairs_1
Lair:6:   wormcave, layout_regular_city, guppyfry_lair_end_dragon,
          infiniplex_staircase_pool_2, lemuel_fruit_fields
Shoals:1: cheibrodos_shoals_satyrical_garden, layout_shoals,
          portal_ice_cave_entry_pillars_2, nicolae_shoals_flooded_hall,
          uniq_kirke, uniq_donald
Orc:1:    layout_caves, uniq_josephine, uniq_snorg, uniq_harold
Orc:2:    grunt_orc_cross, layout_diamond_mine, serial_shops, shop_fountains,
          shop, shop, shop_statue, ebering_ghost_gozag
Elf:1:    minmay_elf_arrival_plus, layout_gridlike, serial_shops,
          nicolae_shop_stone, shop_statue, nicolae_shop_statue_plus, shop, shop,
          minmay_elf_necromancy, serial_sigils_hangedman_gut, kb_rosetta

Skill      XL: |  1  2  3  4  5  6  7  8  9 10 11 12 13 14 15 |
---------------+----------------------------------------------+-----
Fighting       | 1 2 4 7 8 10 | 10.6
Earth Magic    | 4 5 6 7 8 10 11 | 11.0
Spellcasting   | 3 4 5 6 7 8 9 10 11 | 11.1
Conjurations   | 3 5 7 8 |  8.7
Maces & Flails | 1 5 6 7 |  7.1
Armour         | 3 6 7 |  7.7
Shields        | 3 6 |  6.4
Poison Magic   | 1 5 6 |  6.0
Dodging        | 4 5 6 |  6.3
Evocations     | 2 5 6 |  6.5
Fire Magic     | 3 5 7 |  7.3
Polearms       | 4 5 |  5.6
Stealth        | |  2.1
Transmutations | |  0.7

Action                   |  1- 3 |  4- 6 |  7- 9 | 10-12 | 13-15 || total
-------------------------+-------+-------+-------+-------+-------++-------
Melee: Unarmed           |    32 |       |       |       |       ||    32
       Club              |    12 |       |       |       |       ||    12
       Mace              |    36 |    42 |       |       |       ||    78
       Flail             |       |    45 |    36 |       |       ||    81
       Lance             |       |       |   165 |   846 |   253 ||  1264
 Cast: Sandblast         |    35 |    45 |    73 |   172 |   470 ||   795
       Stone Arrow       |       |       |       |    68 |   289 ||   357
       Magic Dart        |       |       |       |    10 |   136 ||   146
       Mephitic Cloud    |       |       |       |       |    22 ||    22
       Conjure Flame     |       |       |       |       |     3 ||     3
       Iskenderun's Myst |       |       |       |       |     3 ||     3
       Lee's Rapid Decon |       |       |       |       |     4 ||     4
 Abil: Fly               |       |       |       |       |     2 ||     2
       Stop Flying       |       |       |       |       |     1 ||     1
  Use: Scroll            |     3 |     4 |     9 |    11 |     4 ||    31
       Potion            |       |       |     2 |     2 |    14 ||    18
 Stab: Sleeping          |       |     3 |     3 |     3 |     1 ||    10
       Confused          |       |       |       |       |     3 ||     3
Armor: Robe              |    44 |    27 |     9 |       |       ||    80
       Leather armour    |     2 |    33 |       |       |       ||    35
       Swamp dragon scal |       |       |    85 |   150 |       ||   235
       Acid dragon scale |       |       |       |   212 |   301 ||   513
       Plate armour      |       |       |       |    15 |       ||    15
Dodge: Dodged            |    62 |    52 |   112 |   469 |   338 ||  1033
Block: Kite shield       |    22 |    44 |   107 |   120 |       ||   293
       Reflection        |       |       |     4 |    22 |    44 ||    70
       Buckler           |       |       |       |   430 |   427 ||   857

Table legend: (Time is in decaauts)
 A = Elapsed time spent in this place.
 B = Non-inter-level travel time spent in this place.
 C = Inter-level travel time spent in this place.
 D = Time resting spent in this place.
 E = Time spent auto-exploring this place.
 F = Levels seen in this place.
 G = Mean time per level.
                   A        B        C        D        E       F      G
               +--------+--------+--------+--------+--------+-----+--------+
         Total |  31428 |  29037 |   2391 |   6689 |  14430 |  22 | 1428.5 |
       Dungeon |  15062 |  13876 |   1186 |   2349 |   7658 |  11 | 1369.3 |
        Temple |    101 |     86 |     15 |      0 |     29 |   1 |  101.0 |
          Lair |  11653 |  10874 |    779 |   3364 |   5202 |   6 | 1942.2 |
        Shoals |   1003 |   1003 |      0 |     28 |    579 |   1 | 1003.0 |
  Orcish Mines |   3606 |   3196 |    410 |    948 |    961 |   2 | 1803.0 |
   Elven Halls |      1 |      1 |      0 |      0 |      0 |   1 |    1.0 |
               +--------+--------+--------+--------+--------+-----+--------+

Top non-repeatable levels by time:
  Lair:6: 2862 daAuts
   Orc:2: 2670 daAuts
  Lair:2: 2452 daAuts
     D:5: 1770 daAuts
  Lair:1: 1720 daAuts
    D:11: 1659 daAuts
  Lair:5: 1599 daAuts
     D:2: 1576 daAuts
  Lair:3: 1561 daAuts
     D:4: 1501 daAuts
     D:1: 1489 daAuts
  Lair:4: 1457 daAuts
     D:9: 1399 daAuts
     D:6: 1357 daAuts
     D:3: 1339 daAuts
